 Dungeon Crawl Stone Soup version 0.31.0-32-g396128a36d (webtiles) character file.

Game seed: 2443269278479052868

2723 KittyFluff the Ruffian (level 9, -1/88 HPs)
             Began as a Troll Shapeshifter on Apr 2, 2024.
             Slain by Maurice
             ... wielding a +0 dagger
              (6 damage)
             ... on level 7 of the Dungeon.
             The game lasted 00:23:55 (4786 turns).

KittyFluff the Ruffian (Troll Shapeshifter)         Turns: 4786, Time: 00:23:57

Health: -1/88      AC: -2    Str: 26    XL:     9   Next: 40%
Magic:  0/8        EV: 11    Int:  6    God:
Gold:   0          SH:  0    Dex: 11    Spells: 8/8 levels left

rFire   + .          .
                       - Unarmed
rCold   . . .        B - orb {*Rage}
rNeg    + . .        P - +2 robe {rN+}
rPois   .            (helmet currently unavailable)
rElec   .            (cloak currently unavailable)
rCorr   .            (gloves unavailable)
SInv    +            (boots unavailable)
Will    .....        (no amulet)
Stlth   +            s - ring of protection from fire
HPRegen 1.14/turn    K - ring of see invisible
MPRegen 0.11/turn

%: random rage (20%)
@: beast-form, corroded, on berserk cooldown
A: beast (slay +3), large, unfitting armour, claws 3, regeneration 1, shaggy fur
1, tough skin 1
a: Begin Untransformation


You were on level 7 of the Dungeon.
You were a hulking beast.
You visited 2 branches of the dungeon, and saw 8 of its levels.

You collected 205 gold pieces.
You spent 205 gold pieces at shops.

Inventory:

Hand Weapons
 i - a +0 club
 o - a +0 sling
 w - a +0 morningstar
 x - a +0 whip
 C - a +2 quarterstaff of chaos
 E - a +0 hand axe of flaming
 G - a +0 trident
Missiles
 g - 44 stones (quivered)
 v - 3 boomerangs
 A - 9 poisoned darts
 H - 3 large rocks
Armour
 r - a +2 hat
 B - an orb of wrath (worn)
 D - a +0 cloak
 P - a +2 robe of positive energy (worn)
Jewellery
 s - a ring of protection from fire (left claw)
 J - a ring of wizardry
 K - a ring of see invisible (right claw)
Talismans
 c - a beast talisman
 R - a serpent talisman
Wands
 L - a wand of mindburst (15)
 Q - a wand of flame (14)
Scrolls
 a - a scroll of immolation {unknown}
 h - 3 scrolls of teleportation {unknown}
 j - a scroll of revelation {unknown}
 l - a scroll of noise {unknown}
 p - a scroll of fear {unknown}
 u - 6 scrolls of identify {unknown}
 y - a scroll of blinking {unknown}
 F - a scroll of amnesia {unknown}
 I - a scroll of summoning {unknown}
 O - a scroll of enchant armour {unknown}
Potions
 b - a potion of lignification
 e - 3 potions of attraction {unknown}
 f - 2 potions of invisibility {unknown}
 k - 3 potions of heal wounds
 m - 4 potions of mutation {unknown}
 n - 4 potions of curing {unknown}
 q - a potion of berserk rage {unknown}
 z - a potion of enlightenment {unknown}
 N - a potion of haste {unknown}


   Skills:
 + Level 5.3 Fighting
 + Level 5.6 Dodging
 + Level 7.2 Unarmed Combat
 + Level 6.6 Shapeshifting


You had 8 spell levels left.
You didn't know any spells.
Your spell library contained the following spells:

 Spells                   Type           Power      Damage    Failure   Level
 Sting                    Conj/Alch      0%         1d3       45%         1
 Dazzling Flash           Conj/Hex       0%         N/A       83%         3
 Volatile Blastmotes      Fire/Tloc      0%         2d10      83%         3
 Animate Armour           Summ/Erth      0%         N/A       99%         4
 Summon Lightning Spire   Summ/Air       0%         N/A       99%         4
 Lee's Rapid Deconstruct  Erth           0%         3d4*      100%        5
 Starburst                Conj/Fire      0%         6d3       100%        6
 Maxwell's Capacitive Co  Air            0%         ∞         100%        8


Dungeon Overview and Level Annotations

Branches:
Dungeon (7/15)             Temple (1/1) D:5

Altars:
Ashenzari
Elyvilon
Fedhas
Gozag
Hepliaklqana
Kikubaaqudgha
Nemelex Xobeh
Ru
Sif Muna
Uskayaw
Vehumet
Xom
Zin

Shops:
D:1 !   D:3 *

Annotations:
D:3 3 runed translucent doors, Eolas's ghost, weakling DEHs
D:7 Maurice
Temple 4 transporters


Innate Abilities, Weirdness & Mutations

You are a hulking beast.
Your limbs bulge with bestial killing power. (Slay +3)
You are too large for most types of armour.
You have claws for hands.
Your natural rate of healing is unusually fast.
You are covered in fur. (AC +1)
You have tough skin. (AC +1)


Message History

Maurice zaps a wand.
The bolt of acid hits you! The acid corrodes you!
You scratch Maurice but do no damage.
Maurice is heavily wounded.
Maurice zaps a wand.
The bolt of acid hits you! The acid corrodes you!
You closely miss Maurice.
Maurice is heavily wounded.
Maurice hits you with a +0 dagger.
Maurice steals your +0 buckler!
Maurice wears a +0 buckler.
Maurice bites you.
You feel your power leaking away. Maurice drains your magic.
Maurice hits you with a +0 dagger!
* * * LOW HITPOINT WARNING * * *
Maurice steals 11 of your 55 stones! Maurice bites you.
* * * LOW HITPOINT WARNING * * *
Maurice drains your magic.
You scratch Maurice.
Maurice is heavily wounded.
Maurice hits you with a +0 dagger.
* * * LOW HITPOINT WARNING * * *
Maurice steals 50 gold pieces!
You now have 167 gold pieces.
Maurice closely misses you.
You claw Maurice!
Maurice is severely wounded.
Maurice hits you with a +0 dagger!
* * * LOW HITPOINT WARNING * * *
Maurice steals 167 gold pieces!
You now have 0 gold pieces.
Maurice bites you!
* * * LOW HITPOINT WARNING * * *
Maurice drains your magic.
You feel much better.
Maurice zaps a wand.
The bolt of acid hits you!
* * * LOW HITPOINT WARNING * * *
The acid corrodes you! Maurice closely misses you. Maurice bites you.
* * * LOW HITPOINT WARNING * * *
Maurice drains your magic.
You claw Maurice!
Maurice is severely wounded.
You feel yourself speed up. Maurice hits you with a +0 dagger.
* * * LOW HITPOINT WARNING * * *
Maurice grunts, "Curses!"
Maurice bites you.
You die...

##############
#............+
#.#####.#.#### ###.#
#.#†# # #...# #.#)####
#. ###.### #...<...
###.. +...# #.#.#.##
......##.###### #.#.#.#
.......h...............
......f.....$.......#.#.
......##.#.######.###.#.
...... #..... ... .#
..... ..#.### .... .#
#.### ..#.# . .## #


You could see Maurice (invisible).

Vanquished Creatures
  The ghost of mainiacjoe the Caller, a novice OpSu of Kikubaaqudgha (D:6)
  Grinder (D:4)
  Sigmund (D:4)
  A steam dragon (D:7)
  2 water moccasins (D:5)
  An orc warrior (D:6)
  2 ogres
  2 phantoms (D:5)
  A bullfrog (D:6)
  3 scorpions
  A bombardier beetle (D:5)
  Crazy Yiuf (D:4)
  A gnoll bouda (D:6)
  3 hounds
  A jelly (D:5)
  5 orc priests
  A sleepcap (D:3)
  Terence (D:2)
  6 iguanas
  10 orc wizards
  4 gnolls
  7 adders
  4 ufetubi
  3 ribbon worms
  2 dart slugs
  16 orcs
  5 ball pythons
  4 bats
  11 endoplasms
  13 giant cockroaches
  7 goblins
  6 hobgoblins
  7 jackals
  2 quokkas
  5 frilled lizards
  9 kobolds
  10 rats
160 creatures vanquished.

Vanquished Creatures (others)
  An orc wizard (D:6)
1 creature vanquished.

Grand Total: 161 creatures vanquished

Notes
Turn   | Place    | Note
-------+----------+-------------------------------------------
     0 | D:1      | KittyFluff the Troll Shapeshifter began the quest for the
                  | Orb.
     0 | D:1      | Reached XP level 1. HP: 18/18 MP: 0/0
   134 | D:1      | Reached skill level 1 in Fighting
   170 | D:1      | Reached XP level 2. HP: 27/27 MP: 1/1
   223 | D:1      | Reached XP level 3. HP: 33/33 MP: 2/2
   502 | D:1      | Found Wooch's Distillery.
  1002 | D:2      | Noticed Terence
  1021 | D:2      | Killed Terence
  1022 | D:2      | Reached XP level 4. HP: 19/42 MP: 3/3
  1381 | D:3      | Found a faded altar of an unknown god.
  1381 | D:3      | Found the Hermit's Pendant {Faith Invo=14 Evo=0 MP+5}
  1389 | D:3      | Reached XP level 5. HP: 41/49 MP: 4/4
  1461 | D:3      | Reached skill level 4 in Unarmed Combat
  1648 | D:3      | Noticed Eolas's ghost (weakling DEHs)
  1706 | D:3      | Found a runed translucent gate.
  1707 | D:3      | Found a runed translucent gate.
  1708 | D:3      | Found a runed translucent gate.
  1916 | D:3      | Found Ceehuwna's Assorted Antiques.
  2082 | D:3      | Reached XP level 6. HP: 59/59 MP: 5/5
  2172 | D:3      | Found a blossoming altar of Fedhas.
  2175 | D:3      | Found a broken altar of Ashenzari.
  2254 | D:4      | Found a sparkling altar of Nemelex Xobeh.
  2358 | D:4      | Noticed Sigmund
  2374 | D:4      | Killed Sigmund
  2480 | D:4      | Found a runed translucent door.
  2481 | D:4      | Noticed Crazy Yiuf
  2487 | D:4      | Killed Crazy Yiuf
  2542 | D:4      | Noticed Grinder
  2545 | D:4      | Reached XP level 7. HP: 67/67 MP: 6/6
  2556 | D:4      | Killed Grinder
  2557 | D:4      | Reached skill level 5 in Unarmed Combat
  2826 | D:5      | Entered Level 5 of the Dungeon
  2834 | D:5      | Reached skill level 5 in Shapeshifting
  2838 | D:5      | Found a staircase to the Ecumenical Temple.
  2863 | D:5      | Reached XP level 8. HP: 78/78 MP: 7/7
  2893 | Temple   | Found a transporter.
  2893 | Temple   | Found a transporter.
  2893 | Temple   | Found a transporter.
  2893 | Temple   | Found a transporter.
  2893 | Temple   | Entered the Ecumenical Temple
  3304 | D:5      | Reached skill level 6 in Unarmed Combat
  3576 | D:1      | Bought a potion of heal wounds for 70 gold pieces
  3643 | D:3      | Bought a twisted onyx ring for 135 gold pieces
  3742 | D:6      | Found a runed translucent door.
  3760 | D:6      | Noticed mainiacjoe's ghost (novice OpSu)
  3953 | D:6      | Killed mainiacjoe's ghost
  3954 | D:6      | Reached skill level 5 in Dodging
  4007 | D:6      | Reached XP level 9. HP: 87/87 MP: 8/8
  4296 | D:6      | Reached skill level 5 in Fighting
  4623 | D:6      | Found a shimmering blue altar of Sif Muna.
  4634 | D:6      | Found an ancient bone altar of Kikubaaqudgha.
  4647 | D:6      | Found a radiant altar of Vehumet.
  4659 | D:6      | Reached skill level 7 in Unarmed Combat
  4698 | D:6      | Got Vehumet's Verses on Confrontation
  4770 | D:7      | Noticed Maurice
  4776 | D:7      | Maurice stole the Hermit's Pendant {Faith Invo=14 Evo=0
                  | MP+5}
  4776 | D:7      | Maurice stole a staff of fire
  4779 | D:7      | Maurice stole a flux talisman
  4782 | D:7      | Maurice stole a +0 buckler
  4782 | D:7      | Maurice stole 55 stones
  4783 | D:7      | Maurice stole 50 gold
  4784 | D:7      | Maurice stole 167 gold
  4784 | D:7      | HP: 1/88 [Maurice/+0 dagger (8)]
  4786 | D:7      | Slain by Maurice

Illustrated notes

Levels and vault maps discovered:
D:1:      ebering_trefoil_3fold, layout_basic, serial_shops,
          nicolae_shop_tiny_glass
D:2:      minmay_roachtagon, layout_loops_cross, uniq_terence
D:3:      minmay_skewed_foursquare, layout_basic,
          chequers_temple_overflow_statue_of_worship, gammafunk_ghost_split,
          serial_shops, shop, hellmonk_guarded_unrand_hermit
D:4:      layout_rooms, kennysheep_mini_moat, uniq_crazy_yiuf_cottage,
          uniq_sigmund, uniq_grinder
D:5:      layout_rooms, minmay_temple_entry_grid, serial_rivers,
          chequers_serial_rivers_micro_e, chequers_serial_rivers_micro_b,
          chequers_serial_rivers_small_3, chequers_serial_rivers_small_3,
          chequers_serial_rivers_large_a, chequers_serial_rivers_small_a,
          lemuel_flamethrower_1
D:6:      layout_basic, palyth_temple_overflow_mages, ebering_ghost_sewer_d,
          serial_rivers, chequers_serial_rivers_micro_d,
          chequers_serial_rivers_room_b, chequers_serial_rivers_micro_a,
          chequers_serial_rivers_micro_a, chequers_serial_rivers_small_3,
          minmay_gold_behind_fungi, fountainhead
D:7:      layout_basic, minitemple, nicolae_hexahallways, uniq_maurice,
          uniq_joseph
Temple:   hellmonk_temple_divided_pantheon

Skill      XL: |  1  2  3  4  5  6  7  8  9 |
---------------+----------------------------+-----
Fighting       | 1 2 3 4 5 |  5.3
Dodging        | 2 3 4 5 |  5.6
Unarmed Combat | 4 5 6 7 |  7.2
Shapeshifting  | 4 5 6 |  6.6

Action                     |  1- 3 |  4- 6 |  7- 9 || total
---------------------------+-------+-------+-------++-------
  Melee: Unarmed           |   101 |   145 |   176 ||   422
         Punch             |     1 |     6 |       ||     7
    Use: Potion            |       |       |     1 ||     1
   Stab: Confused          |       |       |     1 ||     1
 Armour: Animal skin       |    69 |    86 |    74 ||   229
         Robe              |       |       |    46 ||    46
  Dodge: Dodged            |    42 |    53 |    65 ||   160
